 Dungeon Crawl Stone Soup version 0.28-a0-1506-g3893175d92 (webtiles) character file.

Game seed: 8183560023931367135

79132 freelancePsychic the Fighter (level 15, -2/122 HPs)
             Began as a Demonspawn Conjurer on Jan 13, 2022.
             Was an Initiate of Gozag.
             Slain by a fenstrider witch (19 damage)
             ... on level 1 of the Swamp.
             The game lasted 01:12:43 (31693 turns).

freelancePsychic the Fighter (Demonspawn Conjurer) Turns: 31693, Time: 01:12:44

Health: -2/122     AC: 25    Str:  8    XL:     15   Next: 20%
Magic:  29/29      EV: 24    Int: 30    God:    Gozag
Gold:   4765       SH:  4    Dex: 12    Spells: 2/34 levels left

rFire   + + .      SeeInvis +     - Unarmed
rCold   + + .      Faith    .   (shield currently unavailable)
rNeg    + + .      Spirit   .   (armour currently unavailable)
rPois   ∞          Reflect  .   (helmet currently unavailable)
rElec   +          Harm     .   (cloak currently unavailable)
rCorr   +          Rampage  .   (gloves currently unavailable)
Will    +....                   (boots unavailable)
Stlth   ++........              H - amulet of the acrobat
HPRegen 0.30/turn               A - ring of Mirth {Wiz rC+ Int+4}
MPRegen 0.21/turn               p - ring "Caxeedoch" {rPois rF+ rN++ SInv}

@: mighty, brilliant, storm-form, resistant, flying
A: cleaving, flying, (antennae 2), (hooves 3), icemail 1, condensation shield,
(demonic touch 2)
a: Blinkbolt, End Transformation, Renounce Religion, Potion Petition, Call
Merchant, Bribe Branch


You were on level 1 of the Swamp.
You worshipped Gozag.
Gozag was most pleased with you.
You were a lightning-filled tempest!
You visited 4 branches of the dungeon, and saw 24 of its levels.
You also visited: Bailey, Gauntlet and Ice Cave.

You collected 9413 gold pieces.
You spent 1338 gold pieces at shops.
You paid 3310 gold pieces to Gozag.

Inventory:

Hand Weapons
 h - the +6 scimitar of Intuition (melded) {flame, Int+9}
   (You found it in a bailey)

   It burns those it strikes, dealing additional fire damage.
   Big, fiery blades are also staple armaments of hydra-hunters.
   Int:       It affects your intelligence (+9).
Missiles
 m - 6 throwing nets
Armour
 f - a +0 pair of gloves (melded)
 i - a +0 pair of boots
 z - a +0 kite shield
 E - the +4 robe of Folly (melded) {Brilliance Will-∞ Int+8}
   (You bought it in a shop on level 8 of the Dungeon)

   It increases the power of your magical spells.
   It halves the magic cost of your spells (rounding up).
   It reduces your willpower to zero.
   Int:       It affects your intelligence (+8).
Jewellery
 e - the ring of Suoprov {Will+ Str+3 Dex+6}
   (You found it in a Gauntlet)

   [ring of dexterity]

   Str:       It affects your strength (+3).
   Dex:       It affects your dexterity (+6).
   Will:      It increases your willpower.
 p - the ring "Caxeedoch" (right fist) {rPois rF+ rN++ SInv}
   (You found it in a Gauntlet)

   [ring of see invisible]

   rF:        It protects you from fire.
   rPois:     It protects you from poison.
   rN:        It greatly protects you from negative energy.
   SInv:      It lets you see invisible.
 A - the ring of Mirth (left fist) {Wiz rC+ Int+4}
   (You found it in a Gauntlet)

   [ring of wizardry]

   It improves your spell success rate.
   Int:       It affects your intelligence (+4).
   rC:        It protects you from cold.
 B - a ring of see invisible
 H - an amulet of the acrobat (around neck)
 U - an amulet of magic regeneration
Wands
 j - a wand of iceblast (23)
 o - a wand of acid (7)
 D - a wand of digging (7)
 I - a wand of paralysis (12)
 T - a wand of polymorph (9)
 V - a wand of flame (26)
Scrolls
 a - 3 scrolls of enchant armour
 b - 3 scrolls of vulnerability
 g - 6 scrolls of immolation
 k - 3 scrolls of fog
 q - 5 scrolls of enchant weapon
 r - 8 scrolls of teleportation {@r4}
 G - a scroll of brand weapon
 J - a scroll of fear
 L - 6 scrolls of identify {@r1}
 R - a scroll of silence
 S - a scroll of summoning
Potions
 c - 4 potions of curing {@q1}
 d - 6 potions of brilliance
 l - 5 potions of flight
 n - 3 potions of mutation
 s - 4 potions of magic
 t - 2 potions of cancellation
 u - 4 potions of attraction
 v - 2 potions of haste {@q3}
 w - 2 potions of degeneration
 x - a potion of heal wounds {@q2}
 C - 2 potions of resistance
 F - 2 potions of might
 M - a potion of ambrosia
 O - 2 potions of invisibility {unknown}
 W - a potion of lignification {unknown}
Miscellaneous
 N - a condenser vane


   Skills:
 + Level 12.6 Fighting
 - Level 4.0 Armour
 - Level 3.6 Dodging
 - Level 1.7 Stealth
 * Level 7.7 Unarmed Combat
 + Level 10.3 Spellcasting
 - Level 4.9 Conjurations
 + Level 2.6 Translocations
 - Level 11.5 Transmutations
 - Level 3.8 Fire Magic
 - Level 0.3 Ice Magic
 - Level 10.1 Air Magic
 - Level 8.9 Poison Magic


You had 2 spell levels left.
You knew the following spells:

 Your Spells              Type           Power      Damage    Failure   Level
a - Eringya's Noxious Bo  Tmut/Pois      43%        N/A       3%          6
b - Magic Dart            Conj           100%       1d8       1%          1
c - Ignite Poison         Fire/Tmut/Pois 77%        N/A       1%          3
d - Manifold Assault      Tloc           47%        N/A       13%         5
e - Mephitic Cloud        Conj/Pois/Air  77%        N/A       1%          3
f - Storm Form            Tmut/Air       44%        N/A       14%         7
g - Wereblood             Tmut           91%        N/A       1%          2
h - Irradiate             Conj/Tmut      38%        3d26      1%          5

Your spell library contained the following spells:

 Spells                   Type           Power      Damage    Failure   Level
 Animate Skeleton         Necr           46%        N/A       1%          1
 Beastly Appendage        Tmut           100%       N/A       1%          1
 Pain                     Necr           92%        1d8       1%          1
 Sting                    Tmut/Pois      100%       1d8       1%          1
 Blink                    Tloc           94%        N/A       1%          2
 Corpse Rot               Necr/Air       100%       N/A       1%          2
 Ensorcelled Hibernation  Hex/Ice        48%        N/A       1%          2
 Scorch                   Fire           100%       2d10      1%          2
 Searing Ray              Conj           100%       2d8       1%          2
 Sublimation of Blood     Necr           23%        N/A       2%          2
 Dazzling Flash           Conj/Hex       90%        N/A       1%          3
 Inner Flame              Hex/Fire       40%        N/A       1%          3
 Spider Form              Tmut/Pois      86%        N/A       1%          3
 Ice Form                 Ice/Tmut       66%        N/A       1%          4
 Olgreb's Toxic Radiance  Pois           81%        N/A       1%          4
 Petrify                  Tmut/Erth      66%        N/A       1%          4
 Portal Projectile        Hex/Tloc       70%        N/A       2%          3
 Flame Wave               Conj/Fire      58%        2d9       2%          4
 Iskenderun's Mystic Bla  Conj/Tloc      55%        2d12      2%          4
 Ozocubu's Armour         Ice            25%        N/A       3%          3
 Yara's Violent Unravell  Hex/Tmut       33%        3d14      3%          5
 Tukima's Dance           Hex            23%        N/A       4%          3
 Vampiric Draining        Necr           23%        2d7       4%          3
 Fulminant Prism          Conj/Hex       22%        3d13      4%          4
 Hailstorm                Conj/Ice       46%        3d11      4%          4
 Passage of Golubria      Tloc           47%        N/A       4%          4
 Freezing Cloud           Conj/Ice/Air   31%        6-21      4%          5
 Silence                  Hex/Air        31%        N/A       4%          5
 Anguish                  Hex/Necr       11%        N/A       14%         4
 Cause Fear               Hex            11%        N/A       14%         4
 Dispel Undead            Necr           23%        3d12      14%         4
 Summon Forest            Summ/Tloc      17%        N/A       22%         5
 Agony                    Necr           23%        N/A       34%         5
 Excruciating Wounds      Necr           11%        N/A       34%         5
 Lee's Rapid Deconstruct  Erth           11%        3d9*      34%         5
 Summon Mana Viper        Hex/Summ       23%        N/A       34%         5
 Simulacrum               Ice/Necr       12%        N/A       86%         6
 Death Channel            Necr           11%        N/A       88%         6
 Summon Cactus Giant      Summ           11%        N/A       88%         6
 Ozocubu's Refrigeration  Ice            12%        4d7       100%        7
 Summon Hydra             Summ           11%        N/A       100%        7
 Discord                  Hex            11%        N/A       100%        8


Dungeon Overview and Level Annotations

Branches:
Dungeon (15/15)            Temple (0/1) D:7            Lair (6/6) D:11
  Swamp (1/4) Lair:4       Spider (0/4) Lair:2        Slime (0/5) Lair:6
    Orc (2/2) D:12            Elf (0/3) Orc:2        Vaults (0/5) D:13
 Depths (0/4) D:15         Bailey (visited)           IceCv (visited)
Gauntlet (visited)

Altars:
Dithmenos
Elyvilon
Gozag
Kikubaaqudgha
Makhleb
Ru
Sif Muna
Trog
Uskayaw
Vehumet
Xom
Zin
Beogh

Shops:
D:5 [   D:8 [   D:10 *(?[   D:14 :   Orc:2 ?(:[*   Lair:2 :

Portals:
Trove: D:15 (give 17 potions of curing)

Annotations:
D:3 Natasha
D:6 2 runed translucent doors, croobank's ghost, novice DrTm
Lair:1 3 runed translucent doors, Zonian's ghost, journeyman DjIE


Innate Abilities, Weirdness & Mutations

You are a lightning-filled tempest!
Your electrical attacks strike out in all directions at once.
You are incredibly evasive.
You are flying.
You are immune to poison.
Your armour is entirely melded.
You are incapable of wielding weapons or throwing items.
((You have a pair of antennae on your head.))
((You have hooves in place of feet.))
A meltable icy envelope protects you from harm. (AC +4)
A meltable shield of frost defends you. (SH +4)
((Your touch may inflict irresistible damage on your foes.))


Message History

Unknown command.
Unknown command.
Unknown command.
Unknown command.
Unknown command.
Unknown command.
Unknown command.
Unknown command.
Unknown command.
Unknown command.
Unknown command.
Unknown command.
Unknown command.
Unknown command.
Unknown command.
Unknown command.
Unknown command.
Unknown command.
Unknown command.
Unknown command.
Unknown command.
Unknown command.
Unknown command.
Unknown command.
Unknown command. [a] - 690 gold - resistance, heal wounds and magic [b] - 570 gold - curing, magic, might and brilliance [c] - 336 gold - brilliance and magic Purchase which effect?
You feel protected.
You feel much better. Magic courses through your body.
The fenstrider witch points at you and mumbles some strange words.
Your body is wracked with pain!
* * * LOW HITPOINT WARNING * * *
As you read the scroll of fear, it crumbles to dust.
You assume a fearsome visage.
The fenstrider witch resists with almost no effort.
The fenstrider witch hits you!!
You die...
Your body crumbles into a pile of gold.

.≈≈... ♣♣♣ ♣..≈<≈≈≈≈≈≈
...≈≈.♣♣≈♣♣♣♣♣♣....≈≈≈≈§≈
...≈≈≈....♣..♣♣♣♣..>.....
♣♣♣♣≈..≈.≈≈.≈....≈♣♣♣♣♣
♣♣♣.≈≈.≈.≈...≈≈.♣♣
♣♣..≈.♣♣♣♣♣♣♣♣♣≈..♣
♣♣..≈≈♣♣....♣≈≈♣♣...♣
♣§...♣♣..≈).♣♣≈≈♣♣≈.♣
♣♣≈..≈♣.v.#♣.≈♣♣≈§♣≈≈≈♣
♣≈♣...♣.H♣♣♣≈.≈♣♣≈♣§≈.♣
♣≈♣♣..♣♣.. ♣.♣.≈≈§♣ ≈.♣
♣≈≈♣♣.≈♣...♣♣....≈#♣ $
♣≈♣.≈.≈♣...≈♣#..♣≈≈♣
♣♣♣....♣♣≈#≈≈♣♣♣..≈♣
♣♣...(♣♣♣.≈≈≈♣.≈...♣♣
♣≈)≈.#.≈♣.§ ≈♣.#...≈♣
♣≈.≈...≈♣♣ ♣..♣♣).♣


You could see a fenstrider witch (strong).

Vanquished Creatures
  Gastronok (Lair:3)
  Agnes (D:14)
  An orc warlord (Orc:2)
  A juggernaut zombie (D:15)
  A caustic shrike zombie (D:15)
  A minotaur (Gauntlet)
  Nessos (Lair:4)
  An eleionoma (Swamp:1)
  The ghost of SirDiesAlot the Thaumaturge, a journeyman DjSu of Gozag (D:13)
  Josephine (Orc:1)
  8 vault guards (D:13)
  Harold (D:7)
  12 hydras
  5 catoblepae
  3 boulder beetles
  5 centaur warriors
  2 two-headed ogres
  A death knight (D:15)
  9 death yaks
  A tengu warrior (D:14)
  3 orc high priests (Orc:2)
  A vampire mage (D:15)
  2 shadow wraiths (D:13)
  2 skeletal warriors (D:15)
  2 spriggan druids (Swamp:1)
  3 bog bodies
  2 orc knights (Orc:2)
  Pikel (D:5)
  2 necromancers
  A wolf spider (D:14)
  A deep elf pyromancer (D:13)
  10 ugly things
  3 orc sorcerers (Orc:2)
  A tengu skeleton (D:15)
  5 elephants (Lair:6)
  4 manticores
  8 cyclopes
  5 black mambas
  2 cane toads
  Joseph (Lair:1)
  3 gargoyles
  Maggie (D:9)
  A spriggan zombie (D:15)
  A minotaur zombie (Gauntlet)
  An unseen horror (shapeshifter) (D:14)
  A torpor snail (Lair:5)
  3 unseen horrors
  7 freezing wraiths
  3 rime drakes
  6 komodo dragons
  5 trolls
  A hornet (shapeshifter) (Gauntlet)
  2 hornets (D:10)
  9 slime creatures
  2 polar bears
  2 blink frogs
  4 dream sheep
  A meliai zombie (D:10)
  2 vampires (Bailey)
  A shadow (Gauntlet)
  7 wraiths
  6 wyverns
  5 basilisks
  36 yaks
  2 steam dragons (D:9)
  10 vampire mosquitoes
  Menkaure (D:7)
  2 wargs (Orc:1)
  2 acid dragons
  2 swamp worms
  4 water moccasins
  15 orc warriors
  A sky beast (D:7)
  2 ice beasts
  A black bear (D:8)
  4 centaurs
  An ogre (Orc:1)
  A boggart (D:14)
  3 kobold brigands
  3 bullfrogs
  A scorpion (D:5)
  A hornet simulacrum (D:14)
  A wyvern skeleton (D:7)
  2 elephant simulacra
  17 killer bees
  6 wights
  6 vampire bats (Bailey)
  An electric eel (Lair:4)
  5 howler monkeys
  6 wolf zombies (Bailey)
  A centaur zombie (D:5)
  A bullfrog zombie (D:6)
  6 hounds
  A jelly (D:6)
  16 orc priests
  A bullfrog skeleton (D:5)
  3 iron imps (D:7)
  Natasha (twice) (D:3)
  4 iguanas
  15 orc wizards
  3 wolf simulacra
  A killer bee zombie (D:5)
  A hound skeleton (D:4)
  A howler monkey zombie (D:8)
  6 adders
  3 gnolls (D:5)
  2 shadow imps
  A white imp (D:7)
  An ufetubus (D:4)
  3 worms
  2 dart slugs
  46 orcs
  9 endoplasms
  8 giant cockroaches
  11 goblins
  8 hobgoblins
  7 jackals
  2 quokkas
  6 ball pythons
  11 bats
  4 frilled lizards
  24 kobolds
  22 orc zombies (Bailey)
  6 rats
564 creatures vanquished.

Vanquished Creatures (collateral kills)
  2 yaks (D:9)
  4 vampire mosquitoes (D:9)
6 creatures vanquished.

Vanquished Creatures (others)
  A hydra (Lair:2)
  A two-headed ogre (D:11)
  Nergalle (Lair:3)
  A fire crab (Lair:5)
  A bog body (Lair:4)
  An orc knight (Orc:2)
  An orc sorcerer (Orc:2)
  4 ugly things (D:14)
  2 cyclopes (D:14)
  6 elephants (Lair:5)
  3 black mambas
  10 cane toads
  2 torpor snails
  An unseen horror (D:13)
  6 komodo dragons
  3 trolls
  4 polar bears
  19 blink frogs
  6 slime creatures
  9 dream sheep
  35 yaks
  A vampire (D:13)
  4 basilisks
  A redback (Lair:2)
  A warg (Orc:2)
  2 swamp worms (Lair:4)
  9 water moccasins
  17 orc warriors
  2 boggarts (D:14)
  3 ogres (Orc:2)
  2 centaurs (D:15)
  9 bullfrogs
  A wight (D:9)
  14 orc priests (Orc:2)
  7 orc wizards (Orc:2)
  24 orcs
  3 bushes
  21 fungi
  78 plants
  4 withered plants (Gauntlet)
320 creatures vanquished.

Grand Total: 890 creatures vanquished

Notes
Turn   | Place    | Note
-------+----------+-------------------------------------------
     0 | D:1      | freelancePsychic the Demonspawn Conjurer began the quest
                  | for the Orb.
     0 | D:1      | Reached XP level 1. HP: 13/13 MP: 3/3
   483 | D:1      | Discovered your monstrous ancestry.
   483 | D:1      | Gained mutation: You have a pair of small antennae on your
                  | head. [demonic ancestry]
   483 | D:1      | Reached XP level 2. HP: 19/19 MP: 0/5
   486 | D:1      | Learned a level 2 spell: Searing Ray
  1139 | D:1      | Gained mutation: Your touch may inflict minor irresistible
                  | damage on your foes. [demonic ancestry]
  1139 | D:1      | Reached XP level 3. HP: 24/24 MP: 4/7
  1435 | D:1      | Found a faded altar of an unknown god.
  2744 | D:3      | Gained mutation: You have large cloven feet. [demonic
                  | ancestry]
  2744 | D:3      | Reached XP level 4. HP: 30/30 MP: 4/8
  3323 | D:3      | Reached skill level 1 in Fighting
  3325 | D:3      | Reached skill level 1 in Transmutations
  3325 | D:3      | Reached skill level 1 in Poison Magic
  3325 | D:3      | Gained mutation: A meltable shield of frost defends you.
                  | (SH +4) [demonic ancestry]
  3325 | D:3      | Reached XP level 5. HP: 37/37 MP: 2/9
  3327 | D:3      | Reached skill level 1 in Fire Magic
  3929 | D:3      | Noticed Natasha
  3943 | D:3      | Killed Natasha
  4322 | D:3      | Noticed Natasha
  4328 | D:3      | Killed Natasha
  4329 | D:3      | Gained mutation: You have a pair of antennae on your head.
                  | [demonic ancestry]
  4329 | D:3      | Reached XP level 6. HP: 30/44 MP: 5/11
  4594 | D:3      | Noticed Natasha
  4730 | D:4      | Learned a level 3 spell: Mephitic Cloud
  4734 | D:4      | Learned a level 3 spell: Ignite Poison
  4877 | D:4      | Reached skill level 2 in Fighting
  6009 | D:4      | Found an opulent altar of Gozag.
  6184 | D:5      | Entered Level 5 of the Dungeon
  6298 | D:5      | Reached skill level 1 in Air Magic
  6469 | D:5      | Found a sacrificial altar of Ru.
  6516 | D:4      | Became a worshipper of Gozag Ym Sagoz the Greedy
  6567 | D:5      | Gained mutation: Your touch may inflict irresistible damage
                  | on your foes. [demonic ancestry]
  6567 | D:5      | Reached XP level 7. HP: 47/51 MP: 2/12
  7164 | D:5      | Reached skill level 3 in Fighting
  7221 | D:5      | Noticed Pikel
  7405 | D:5      | Found Xacefo's Armour Shoppe.
  7528 | D:5      | Killed Pikel
  7529 | D:5      | Reached XP level 8. HP: 60/60 MP: 1/15
  7723 | D:5      | Reached skill level 4 in Fighting
  7795 | D:5      | Found a bloodstained altar of Trog.
  8008 | D:6      | Identified the +4 ring mail "Rubb" {Regen+}
  8094 | D:6      | Found a radiant altar of Vehumet.
  8095 | D:6      | Found a shimmering blue altar of Sif Muna.
  8118 | D:6      | Found a runed translucent door.
  8137 | D:6      | Noticed croobank's ghost (novice DrTm)
  8577 | D:6      | Reached skill level 1 in Armour
  8577 | D:6      | Reached skill level 5 in Spellcasting
  9052 | D:6      | Found a runed translucent door.
  9467 | D:7      | Found a staircase to the Ecumenical Temple.
  9594 | D:7      | Noticed Harold
  9606 | D:7      | Killed Harold
  9607 | D:7      | Reached skill level 5 in Poison Magic
  9607 | D:7      | Reached XP level 9. HP: 28/65 MP: 6/17
  9901 | D:7      | Noticed Menkaure
  9912 | D:7      | Killed Menkaure
 10302 | D:7      | Found a burning altar of Makhleb.
 10503 | D:8      | Identified a scroll of acquirement
 10503 | D:8      | Acquired Eringya's Handbook of Shifting Venom
 10510 | D:8      | Learned a level 4 spell: Olgreb's Toxic Radiance
 10747 | D:8      | Found a flagged portal.
 10759 | Bailey   | Entered a bailey
 10854 | Bailey   | Noticed a gargoyle
 10860 | Bailey   | Killed a gargoyle
 10971 | Bailey   | Gained mutation: You have hoof-like feet. [demonic
                  | ancestry]
 10971 | Bailey   | Reached XP level 10. HP: 72/72 MP: 15/19
 11293 | Bailey   | Identified the +6 scimitar of Intuition {flame, Int+9}
 11523 | Bailey   | Found the +10 tower shield of Ignorance {rN+ Int-4}
 11852 | D:8      | Bought the +4 robe of Folly {Brilliance Will-∞ Int+8} for
                  | 578 gold pieces
 11852 | D:8      | Found the +4 robe of Folly {Brilliance Will-∞ Int+8}
 12473 | D:8      | Learned a level 6 spell: Eringya's Noxious Bog
 12489 | D:9      | Reached skill level 5 in Fighting
 12489 | D:9      | Reached skill level 5 in Transmutations
 12494 | D:9      | Noticed Maggie
 12504 | D:9      | Killed Maggie
 12673 | D:9      | Reached skill level 6 in Fighting
 12685 | D:9      | Gained mutation: A meltable icy envelope protects you from
                  | harm. (AC +4) [demonic ancestry]
 12685 | D:9      | Reached XP level 11. HP: 48/81 MP: 22/22
 13200 | D:10     | Entered Level 10 of the Dungeon
 13200 | D:10     | Found a shimmering altar of Xom.
 13324 | D:10     | Found a shadowy altar of Dithmenos.
 13339 | D:10     | Found Uphoix's Magic Scroll Boutique.
 13345 | D:10     | Bought a scroll of teleportation for 39 gold pieces
 13345 | D:10     | Bought a scroll of identify for 26 gold pieces
 13360 | D:10     | Found a hide-covered altar of Uskayaw.
 13494 | D:10     | Found an ancient bone altar of Kikubaaqudgha.
 13573 | D:10     | Found Quemorub's Assorted Antiques.
 13583 | D:10     | Bought a square steel amulet for 140 gold pieces
 13671 | D:10     | Found Xolian Ulut's Weapon Shoppe.
 13745 | D:10     | Noticed a two-headed ogre
 13751 | D:10     | Killed a two-headed ogre
 13903 | D:10     | Found Necoek's Armour Shoppe.
 14127 | D:11     | Noticed a boulder beetle
 14145 | D:11     | Killed a boulder beetle
 14146 | D:11     | Reached skill level 7 in Fighting
 14510 | D:11     | Noticed a two-headed ogre
 14516 | D:11     | Killed a two-headed ogre
 14807 | D:11     | Found a staircase to the Lair.
 15066 | D:11     | Noticed a two-headed ogre
 15069 | D:11     | Killed a two-headed ogre
 15197 | Lair:1   | Entered Level 1 of the Lair of Beasts
 15197 | Lair:1   | Found a runed translucent gate.
 15223 | Lair:1   | Noticed Zonian's ghost (journeyman DjIE)
 15224 | Lair:1   | Found a runed translucent gate.
 15224 | Lair:1   | Found a runed translucent gate.
 15274 | Lair:1   | Found a gate leading to a gauntlet.
 15300 | Gauntlet | Entered a Gauntlet
 15300 | Gauntlet | Found a transporter.
 15300 | Gauntlet | Found a transporter.
 15466 | Gauntlet | Found a transporter.
 15483 | Gauntlet | Found a transporter.
 15483 | Gauntlet | Found a transporter.
 15485 | Gauntlet | Found a transporter.
 15485 | Gauntlet | Found a transporter.
 15486 | Gauntlet | Found a transporter.
 15488 | Gauntlet | Noticed a mana viper
 15499 | Gauntlet | a mana viper changed into a swamp worm
 15500 | Gauntlet | Found a transporter.
 15512 | Gauntlet | Noticed a harpy
 15512 | Gauntlet | a troll changed into a harpy
 15513 | Gauntlet | Found a transporter.
 15513 | Gauntlet | a harpy changed into a troll
 15520 | Gauntlet | Found a transporter.
 15537 | Gauntlet | Found a transporter.
 15550 | Gauntlet | Noticed a catoblepas
 15557 | Gauntlet | Found a transporter.
 15560 | Gauntlet | Noticed an oklob plant
 15569 | Gauntlet | Found a transporter.
 15611 | Gauntlet | Identified the ring of Suoprov {Will+ Str+3 Dex+6}
 15637 | Gauntlet | Noticed a glowing orange brain
 15639 | Gauntlet | Identified the ring "Caxeedoch" {rPois rF+ rN++ SInv}
 15650 | Gauntlet | Identified the ring of Mirth {Wiz rC+ Int+4}
 15657 | Gauntlet | Noticed a fire crab
 15657 | Gauntlet | a queen bee changed into a fire crab
 15660 | Gauntlet | a fire crab changed into a spriggan
 15670 | Gauntlet | Learned a level 7 spell: Storm Form
 15679 | Gauntlet | Noticed a harpy
 15679 | Gauntlet | a black mamba changed into a harpy
 15680 | Gauntlet | a harpy changed into a guardian serpent
 15702 | Gauntlet | Noticed a swamp dragon
 15702 | Gauntlet | a jumping spider changed into a swamp dragon
 15703 | Gauntlet | a swamp dragon changed into a yaktaur
 15712 | Gauntlet | Identified the +5 war axe "Goem" {elec, rElec rF++ rN+
                  | Int-5}
 15712 | Gauntlet | Noticed a minotaur
 15724 | Gauntlet | Killed a minotaur
 16312 | Lair:1   | Noticed a catoblepas
 16325 | Lair:1   | Killed a catoblepas
 16625 | Lair:1   | Noticed a seven-headed hydra
 16634 | Lair:1   | Killed a seven-headed hydra
 16635 | Lair:1   | Reached skill level 8 in Fighting
 16635 | Lair:1   | Reached skill level 5 in Air Magic
 16635 | Lair:1   | Reached XP level 12. HP: 86/92 MP: 14/24
 16635 | Lair:1   | Noticed Joseph
 16640 | Lair:1   | Killed Joseph
 16781 | Lair:1   | You fall into a shaft and drop 1 floor!
 16781 | Lair:2   | Noticed a six-headed hydra
 16787 | Lair:2   | Killed a six-headed hydra
 16788 | Lair:2   | Noticed a seven-headed hydra
 16793 | Lair:2   | Killed a seven-headed hydra
 17004 | Lair:2   | Noticed a four-headed hydra
 17011 | Lair:2   | Killed a four-headed hydra
 17027 | Lair:2   | Noticed a four-headed hydra
 17038 | Lair:2   | Killed a four-headed hydra
 17304 | Lair:2   | Found a hole to the Spider Nest.
 17603 | Lair:3   | Found a frozen archway.
 17626 | IceCv    | Entered an ice cave
 17677 | IceCv    | Found a transporter.
 17694 | IceCv    | Found a transporter.
 17743 | Lair:3   | Noticed a boulder beetle
 17750 | Lair:3   | Killed a boulder beetle
 17952 | Lair:3   | Noticed Nergalle
 17959 | Lair:3   | Killed Nergalle
 18341 | Lair:3   | Noticed Gastronok
 18350 | Lair:3   | Killed Gastronok
 18886 | Lair:4   | Noticed Nessos
 18887 | Lair:4   | Reached skill level 9 in Fighting
 18890 | Lair:4   | Killed Nessos
 18890 | Lair:4   | Noticed a six-headed hydra
 19471 | Lair:4   | Killed a six-headed hydra
 20285 | Lair:4   | Found a staircase to the Swamp.
 20469 | Lair:5   | Noticed a boulder beetle
 20475 | Lair:5   | Killed a boulder beetle
 20815 | Lair:5   | Noticed a four-headed hydra
 20827 | Lair:5   | Killed a four-headed hydra
 21317 | Lair:5   | Reached skill level 10 in Fighting
 21317 | Lair:5   | Reached XP level 13. HP: 92/103 MP: 20/25
 21618 | Lair:5   | Got the Grimoire of the Flamy Oath
 21803 | Lair:6   | Entered Level 6 of the Lair of Beasts
 22360 | Lair:6   | Reached skill level 10 in Transmutations
 22384 | Lair:6   | Reached skill level 11 in Fighting
 22801 | Lair:6   | Found a staircase to the Slime Pits.
 22890 | Lair:6   | Acquired 593 gold pieces
 23367 | Lair:6   | Learned a level 2 spell: Wereblood
 24081 | D:12     | Reached skill level 1 in Unarmed Combat
 24278 | D:12     | Found a staircase to the Orcish Mines.
 24386 | Orc:1    | Entered Level 1 of the Orcish Mines
 24386 | Orc:1    | You fall into a shaft and drop 1 floor!
 24386 | Orc:2    | Entered Level 2 of the Orcish Mines
 24745 | Orc:2    | Found Sepnaidd's Magic Scroll Shop.
 24745 | Orc:2    | Found a staircase to the Elven Halls.
 24753 | Orc:2    | Bought a scroll of amnesia for 45 gold pieces
 24997 | Orc:2    | Noticed an orc warlord
 25140 | Orc:2    | Killed an orc warlord
 25676 | Orc:2    | Found Bisyrho's Antique Armour Boutique.
 25677 | Orc:2    | Found Moppiak's Antique Weapon Shop.
 25679 | Orc:2    | Found Sufrohety's General Store.
 25679 | Orc:2    | Found Lodemn's Book Boutique.
 26046 | Orc:1    | Noticed Josephine
 26052 | Orc:1    | Killed Josephine
 26053 | Orc:1    | Reached XP level 14. HP: 112/113 MP: 23/27
 27140 | D:13     | Found a gate to the Vaults.
 27271 | D:13     | Found a runed translucent gate.
 27271 | D:13     | Found a runed translucent gate.
 27271 | D:13     | Found a runed translucent gate.
 27276 | D:13     | Noticed SirDiesAlot's ghost (journeyman DjSu)
 27841 | D:13     | Reached skill level 5 in Unarmed Combat
 27851 | D:13     | Killed SirDiesAlot's ghost
 28007 | D:14     | Noticed Agnes
 28013 | D:14     | Killed Agnes
 28014 | D:14     | Reached skill level 12 in Fighting
 28510 | D:14     | Noticed an angel
 28601 | D:14     | Reached skill level 10 in Air Magic
 28823 | D:14     | Learned a level 5 spell: Irradiate
 29822 | D:15     | Entered Level 15 of the Dungeon
 29822 | D:15     | Found a portal to a secret trove of treasure.
 30092 | D:14     | Bought an Inescapable Atlas for 510 gold pieces
 30099 | D:14     | Learned a level 5 spell: Manifold Assault
 30262 | D:15     | Reached skill level 10 in Spellcasting
 30262 | D:15     | Reached skill level 1 in Translocations
 30474 | D:15     | Found a staircase to the Depths.
 30723 | D:15     | Gained mutation: You have hooves in place of feet. [demonic
                  | ancestry]
 30723 | D:15     | Reached XP level 15. HP: 122/122 MP: 23/29
 31458 | Swamp:1  | Entered Level 1 of the Swamp
 31682 | Swamp:1  | Noticed a fenstrider witch
 31687 | Swamp:1  | Paralysed by a fenstrider witch for 5 turns
 31693 | Swamp:1  | Slain by a fenstrider witch

Illustrated notes

Levels and vault maps discovered:
D:1:      mrwooster_arrival_statue_3, layout_basic,
          hellmonk_ecumenical_altar_leap_of_faith, minmay_worlds_worst_comb
D:2:      layout_loops_ring, chequers_garden
D:3:      minmay_inner_zag, layout_basic, serial_bayou, serial_bayou_lagoon_b,
          serial_bayou_lagoon_a, serial_bayou_pond_c, serial_bayou_pond_a,
          eino_tiny_chamber, bh_walls_and_bars, uniq_natasha
D:4:      layout_basic, nicolae_overflow_hidden_temple
D:5:      layout_basic, mainiacjoe_overflow_tiny_flanked, elyvilon_altar_5,
          trog_hazing_becter, serial_shops, nicolae_take_the_stairs,
          chequers_serial_rivers_small_b, kennysheep_nub, uniq_pikel
D:6:      layout_loops_corners, mainiacjoe_overflow_divided_tiny,
          ebering_ghost_sewer_f
D:7:      layout_basic, demons_altar, minmay_temple_entry_offerings,
          uniq_menkaure, uniq_harold
D:8:      layout_basic, enter_bailey_2
D:9:      layout_rooms, uniq_maggie
D:10:     layout_gridville, mainiacjoe_overflow_cross_hatched,
          mainiacjoe_overflow_catwalk_spiral, kiku_gazebo_pond_becter,
          serial_shops, kennysheep_little_box, nicolae_shop_hallway_plus,
          nicolae_shop_stone, nicolae_shop_statue_plus
D:11:     layout_long_grid, lair_entry_dummy
D:12:     layout_stronghold, david_orc_2
D:13:     layout_cross, erik_vaults_2, gammafunk_ghost_spectres,
          kennysheep_generic_room_15
D:14:     cheibrodos_fzero, layout_layer_cave, zin_angel, uniq_agnes
D:15:     gammafunk_depths_entry_grave, layout_loops_ring,
          minmay_misc_feat_more_columns, nicolae_trove_entry_isolated, hex_tiny
Lair:1:   layout_roguey, gauntlet_entry_generic, gammafunk_ghost_split,
          uniq_joseph
Lair:2:   layout_cave_shapes, spider_nest_entry_webs, grunt_megastairs_3
Lair:3:   layout_regular_city, portal_ice_cave_entry_ice_simulacra,
          uniq_gastronok, uniq_nergalle
Lair:4:   layout_roguey, nicolae_swamp_entry_splash_gauntlet,
          grunt_megastairs_2, uniq_nessos
Lair:5:   layout_regular_city, grunt_megastairs_4, lemuel_fruit_fields,
          lemuel_fruit_fields
Lair:6:   evilmike_catoblepas_cave, layout_concentric_octagons, slime_dummy,
          lemuel_fruit_fields
Swamp:1:  nicolae_swamp_standing_stones, layout_basic_swamp,
          evilmike_swamp_ruin_house_6
Orc:1:    layout_diamond_mine, uniq_josephine
Orc:2:    st_orc_congregation, layout_caves, basic_altar, serial_shops, shop

Skill      XL: |  1  2  3  4  5  6  7  8  9 10 11 12 13 14 15 |
---------------+----------------------------------------------+-----
Spellcasting   | 3 4 5 6 7 8 9 10 | 10.3
Fighting       | 1 2 3 4 6 8 10 11 12 | 12.6
Transmutations | 1 2 3 4 6 7 9 10 11 | 11.5
Poison Magic   | 1 2 4 5 6 7 8 |  8.9
Fire Magic     | 1 3 |  3.8
Air Magic      | 1 2 3 4 5 7 9 10 | 10.1
Armour         | 3 4 |  4.0
Dodging        | 2 3 |  3.6
Unarmed Combat | 3 7 |  7.7
Translocations | 1 2 |  2.6
Stealth        | |  1.7
Conjurations   | |  4.9
Ice Magic      | |  0.3

Action                   |  1- 3 |  4- 6 |  7- 9 | 10-12 | 13-15 || total
-------------------------+-------+-------+-------+-------+-------++-------
Melee: Unarmed           |    34 |     2 |       |       |   231 ||   267
       Punch             |     1 |       |       |     2 |    16 ||    19
       Whip              |       |     5 |    35 |       |       ||    40
       Touch             |       |     3 |     5 |     6 |    11 ||    25
       Scimitar          |       |       |       |    64 |    49 ||   113
 Cast: Magic Dart        |    18 |     1 |       |       |       ||    19
       Searing Ray       |    38 |    53 |    41 |     9 |     1 ||   142
       Mephitic Cloud    |       |    13 |    29 |    29 |     4 ||    75
       Ignite Poison     |       |     7 |    25 |    95 |    52 ||   179
       Olgreb's Toxic Ra |       |       |     2 |    60 |    26 ||    88
       Eringya's Noxious |       |       |       |    78 |    62 ||   140
       Storm Form        |       |       |       |       |    25 ||    25
       Wereblood         |       |       |       |       |     5 ||     5
       Manifold Assault  |       |       |       |       |     3 ||     3
Invok: Call Merchant     |       |       |       |     2 |     1 ||     3
       Potion Petition   |       |       |       |       |     2 ||     2
 Abil: Blinkbolt         |       |       |       |       |     6 ||     6
       End Transformatio |       |       |       |       |     1 ||     1
  Use: Scroll            |       |     5 |     4 |    16 |     5 ||    30
       Potion            |       |       |       |     4 |     1 ||     5
 Stab: Distracted        |       |       |       |       |     2 ||     2
       Sleeping          |       |       |       |       |     1 ||     1
Armor: Robe              |    20 |     9 |     7 |    51 |    28 ||   115
       Ring mail         |       |       |    27 |    53 |       ||    80
       Skin              |       |       |       |       |    51 ||    51
Dodge: Dodged            |    54 |    28 |    50 |   316 |   254 ||   702
Block: Other             |       |     9 |    14 |    56 |    41 ||   120

Table legend: (Time is in decaauts)
 A = Elapsed time spent in this place.
 B = Non-inter-level travel time spent in this place.
 C = Inter-level travel time spent in this place.
 D = Time resting spent in this place.
 E = Time spent auto-exploring this place.
 F = Levels seen in this place.
 G = Mean time per level.
                   A        B        C        D        E       F      G
               +--------+--------+--------+--------+--------+-----+--------+
         Total |  31887 |  30630 |   1257 |   1362 |  24032 |  27 | 1181.0 |
       Dungeon |  20097 |  19434 |    663 |    783 |  15791 |  15 | 1339.8 |
          Lair |   7700 |   7330 |    370 |    209 |   5891 |   6 | 1283.3 |
         Swamp |    233 |    233 |      0 |      0 |    168 |   1 |  233.0 |
  Orcish Mines |   2180 |   1958 |    222 |     47 |   1327 |   2 | 1090.0 |
        Bailey |    871 |    871 |      0 |     32 |    539 |   1 |  871.0 |
      Ice Cave |     80 |     80 |      0 |      0 |     46 |   1 |   80.0 |
      Gauntlet |    723 |    723 |      0 |    291 |    268 |   1 |  723.0 |
               +--------+--------+--------+--------+--------+-----+--------+

Top non-repeatable levels by time:
     D:3: 1843 daAuts
    D:14: 1834 daAuts
  Lair:4: 1780 daAuts
     D:1: 1733 daAuts
     D:4: 1656 daAuts
  Lair:6: 1625 daAuts
   Orc:2: 1521 daAuts
     D:5: 1502 daAuts
    D:13: 1465 daAuts
     D:6: 1459 daAuts
  Lair:3: 1386 daAuts
    D:11: 1201 daAuts
    D:12: 1180 daAuts
  Lair:5: 1179 daAuts
     D:2: 1177 daAuts
